 Dungeon Crawl Stone Soup version 0.18-a0-1805-g8ab820f (webtiles) character file.

96 Mefis the Magician (level 4, -1/24 HPs)
             Began as a Deep Elf Wizard on Apr 26, 2016.
             Killed from afar by Sigmund (5 damage)
             ... with a magic dart
             ... on level 2 of the Dungeon.
             The game lasted 00:09:15 (2166 turns).

Mefis the Magician (Deep Elf Wizard)                Turns: 2166, Time: 00:09:16

Health: -1/24      AC:  2    Str:  4    XL:     4   Next: 41%
Magic:  2/14       EV: 13    Int: 24    God:
Gold:   52         SH:  0    Dex: 13    Spells: 6 memorised, 2 levels left

rFire  . . .     SeeInvis .     l - +2 dagger (venom)
rCold  . . .     Gourm    .     a - +0 robe
rNeg   . . .     Faith    .     (no shield)
rPois  .         Spirit   .     b - +0 hat
rElec  .         Dismiss  .     (no cloak)
rCorr  .         Reflect  .     (no gloves)
SustAt .         Harm     .     (no boots)
MR     .....                    (no amulet)
Stlth  ++........               (no ring)
                                (no ring)

@: repel missiles, not resistant to hostile enchantments, unstealthy
A: no striking features
a: no special abilities


You were on level 2 of the Dungeon.
You were hungry.

You visited 1 branch of the dungeon, and saw 2 of its levels.

You collected 52 gold pieces.

Inventory:

Hand Weapons
 l - a +2 dagger of venom (weapon)
Armour
 a - a +0 robe (worn)
 b - a +0 hat (worn)
Scrolls
 e - 2 scrolls of enchant armour {unknown}
 h - a scroll of identify {unknown}
 j - a scroll of teleportation {unknown}
 m - a scroll of blinking {unknown}
Potions
 f - a potion of lignification {unknown}
 g - a potion of heal wounds {unknown}
 i - a potion of curing {unknown}
 k - 2 potions of magic {unknown}
Books
 c - a book of Minor Magic

   Spells                             Type                      Level
   a - Magic Dart                     Conjuration                  1
   b - Blink                          Translocation                2
   c - Call Imp                       Summoning                    2
   d - Repel Missiles                 Charms/Air                   2
   e - Slow                           Hexes                        2
   f - Conjure Flame                  Conjuration/Fire             3
   g - Mephitic Cloud                 Conjuration/Poison/Air       3
Comestibles
 d - 2 bread rations


   Skills:
 + Level 2.8 Dodging
 + Level 3.1 Stealth
 + Level 6.1 Spellcasting
 + Level 2.1 Conjurations
 + Level 0.4 Charms
 + Level 1.2 Summonings
 + Level 1.1 Translocations
 + Level 0.2 Air Magic


You had 2 spell levels left.
You knew the following spells:

 Your Spells              Type           Power        Failure   Level  Hunger
a - Magic Dart            Conj           ###.         3%          1    None
b - Call Imp              Summ           ##......     10%         2    None
c - Blink                 Tloc           N/A          10%         2    None
d - Repel Missiles        Chrm/Air       #.....       12%         2    None
e - Mephitic Cloud        Conj/Pois/Air  ##......     21%         3    #......
f - Conjure Flame         Conj/Fire      ##......     17%         3    #......


Dungeon Overview and Level Annotations

Branches:
Dungeon (2/15)

Altars:

Annotations:
D:2 Sigmund


Message History

The hobgoblin hits you but does no damage.
Your shadow imp gestures at the hobgoblin.
The hobgoblin convulses in agony!
The hobgoblin barely misses your shadow imp.
Your shadow imp closely misses the hobgoblin.
The hobgoblin hits your shadow imp with a club.
Your shadow imp barely misses the hobgoblin.
Your shadow imp gestures at the hobgoblin.
The hobgoblin convulses in agony!
The hobgoblin dies!
You start resting.
Sigmund casts a spell.
Sigmund flickers and vanishes!
Deactivating autopickup; reactivate with Ctrl-A.
Your shadow imp gestures at something.
Something hits your shadow imp!
Your shadow imp dies!
A magic dart appears from out of thin air!
The magic dart hits you!
You die...

....########....#.......#.....
....# ##...#...###.# ####
....# ##..#.<.....# ....#
#{##.#.#####+### ....#
#.##.#.#......... ....#
#.)#.#.#.......... ....#
##.#.#.#........... #####
#...#.'............ #####
##@.#.#............ ....#
#########..#.#............
###.#
#..........#.#............
..†.#
#.########...#............
....####.# ##..#....).......
.........# #.>#............
....###### ####............
....# #............ ....#
#............


There were no monsters in sight!

Vanquished Creatures
  3 adders (D:2)
  2 oozes
  A dart slug (D:1)
  3 giant geckos
  A ball python (D:2)
  4 giant cockroaches
  6 goblins
  2 hobgoblins
  3 jackals (D:1)
  4 bats (D:1)
  A giant newt (D:1)
  2 kobolds
  2 rats (D:1)
34 creatures vanquished.

Vanquished Creatures (collateral kills)
  Ijyb (D:2)
  A hobgoblin (D:2)
2 creatures vanquished.

Grand Total: 36 creatures vanquished

Notes
Turn   | Place    | Note
--------------------------------------------------------------
     0 | D:1      | Mefis the Deep Elf Wizard began the quest for the Orb.
     0 | D:1      | Reached XP level 1. HP: 10/10 MP: 7/7
   319 | D:1      | Reached XP level 2. HP: 15/15 MP: 6/9
   323 | D:1      | Learned a level 2 spell: Call Imp
   326 | D:1      | Learned a level 2 spell: Blink
   329 | D:1      | Learned a level 2 spell: Repel Missiles
   417 | D:1      | Reached skill level 5 in Spellcasting
  1227 | D:1      | Reached XP level 3. HP: 19/19 MP: 6/12
  1439 | D:2      | Noticed Ijyb
  1447 | D:2      | Killed Ijyb
  1786 | D:2      | Reached XP level 4. HP: 24/24 MP: 5/13
  1809 | D:2      | Learned a level 3 spell: Mephitic Cloud
  1813 | D:2      | Learned a level 3 spell: Conjure Flame
  2011 | D:2      | Reached skill level 6 in Spellcasting
  2051 | D:2      | Noticed Sigmund
  2166 | D:2      | Killed from afar by Sigmund

Vault maps used:
D:1:      ncdulo_halloftheorcs, serial_forest, infiniplex_forest_zigzag_2,
          infiniplex_forest_lined_3, infiniplex_forest_lined_room_2,
          infiniplex_forest_corner_1, infiniplex_forest_end_double,
          infiniplex_forest_straight_3, infiniplex_forest_lined_ring,
          infiniplex_forest_clump_C
D:2:      nicolae_overflow_crystal_walls, uniq_natasha, uniq_sigmund, uniq_iyjb

Skill      XL: |  1  2  3  4 |
---------------+-------------+-----
Spellcasting   | 5 6 |  6.1
Conjurations   | 2 |  2.1
Stealth        | 3 |  3.1
Dodging        | |  2.8
Charms         | |  0.4
Summonings     | |  1.2
Translocations | |  1.1
Air Magic      | |  0.2

Action                   |  1- 3 |  4- 6 || total
-------------------------+-------+-------++-------
 Cast: Magic Dart        |    81 |    25 ||   106
       Repel Missiles    |     1 |       ||     1
       Call Imp          |     2 |     5 ||     7
       Mephitic Cloud    |       |     1 ||     1
  Eat: Chunk             |     2 |     1 ||     3
Armor: Robe              |     1 |       ||     1
Dodge: Dodged            |     7 |     4 ||    11
       Deflected         |     1 |     1 ||     2
